 Dungeon Crawl Stone Soup version 0.27-a0-1586-gd5c625afe7 (webtiles) character file.

Game seed: 16910209558836275184

3 Hansen the Caller (level 1, 0/13 HPs)
             Began as a Human Wanderer on July 18, 2021.
             Slain by a jackal (1 damage)
             ... on level 1 of the Dungeon.
             The game lasted 00:04:55 (317 turns).

Hansen the Caller (Human Wanderer)                   Turns: 317, Time: 00:04:56

Health: 0/13       AC:  2    Str: 10    XL:     1   Next: 55%
Magic:  2/2        EV: 11    Int: 13    God:
Gold:   10         SH:  0    Dex: 13    Spells: 2/2 levels left

rFire    . . .     SeeInvis .   e - +0 short sword
rCold    . . .     Faith    .   (no shield)
rNeg     . . .     Spirit   .   b - +0 robe
rPois    .         Reflect  .   (no helmet)
rElec    .         Harm     .   (no cloak)
rCorr    .         Rampage  .   (no gloves)
Will     .....                  (no boots)
Stlth    +.........             (no amulet)
HPRegen  0.04/turn              (no ring)
MPRegen  0.08/turn              (no ring)

@: no status effects
A: no striking features
a: no special abilities


You were on level 1 of the Dungeon.
You visited 1 branch of the dungeon, and saw 1 of its levels.

You collected 10 gold pieces.

Inventory:

Hand Weapons
 a - a +0 dagger
 e - a +0 short sword (weapon)
Missiles
 f - 20 sling bullets
Armour
 b - a +0 robe (worn)
Potions
 d - a potion of heal wounds {unknown}
Miscellaneous
 c - a piece from Xom's chessboard (15/15) (quivered)


   Skills:
 + Level 1.2 Throwing
 + Level 1.0 Spellcasting
 + Level 3.1 Summonings
 + Level 2.0 Translocations
 + Level 1.0 Fire Magic
 + Level 1.0 Air Magic
 + Level 1.0 Evocations


You had 2 spell levels left.
You didn't know any spells.
Your spell library contained the following spells:

 Spells                   Type           Power      Damage    Failure   Level
 Summon Small Mammal      Summ           32%        N/A       8%          1
 Call Imp                 Summ           8%         N/A       12%         2
 Sting                    Tmut/Pois      0%         1d3       28%         1
 Call Canine Familiar     Summ           8%         N/A       24%         3
 Summon Guardian Golem    Hex/Summ       4%         N/A       41%         3
 Spider Form              Tmut/Pois      0%         N/A       63%         3
 Summon Lightning Spire   Summ/Air       6%         N/A       77%         4
 Petrify                  Tmut/Erth      0%         N/A       95%         4
 Metabolic Englaciation   Hex/Ice        0%         N/A       100%        5
 Statue Form              Tmut/Erth      0%         N/A       100%        6


Dungeon Overview and Level Annotations

Branches:
Dungeon (1/15)

Altars:


Message History

The jackal barely misses you. x2
You are too injured to fight recklessly!
You are too injured to fight recklessly!
You are too injured to fight recklessly!
You are too injured to fight recklessly!
You are too injured to fight recklessly!
You are too injured to fight recklessly!
You are too injured to fight recklessly!
You closely miss the jackal.
The jackal is almost dead.
The jackal barely misses you.
You hit the jackal but do no damage.
The jackal is almost dead.
The jackal bites you but does no damage.
The jackal misses you.
You miss the jackal.
The jackal is severely wounded.
The jackal closely misses you. The jackal misses you.
You hit the jackal but do no damage.
The jackal is severely wounded.
The jackal closely misses you.
You barely miss the jackal.
The jackal is severely wounded.
The jackal bites you.
* * * LOW HITPOINT WARNING * * *
The jackal barely misses you.
You hit the jackal but do no damage.
The jackal is severely wounded.
The jackal bites you.
* * * LOW HITPOINT WARNING * * *
You closely miss the jackal.
The jackal is severely wounded.
The jackal closely misses you. The jackal barely misses you.
You closely miss the jackal.
The jackal is severely wounded.
The jackal barely misses you.
You closely miss the jackal.
The jackal is heavily wounded.
The jackal completely misses you. The jackal bites you.
You die...

≈≈≈≈≈≈≈≈≈≈≈≈≈≈≈≈≈≈≈≈...# #.#
≈≈≈≈≈≈≈≈≈≈≈≈≈≈≈≈≈≈≈≈...# #.#
≈≈≈≈≈≈≈≈≈≈≈≈≈≈≈≈≈≈≈≈...###.######
.........................).......
......................#.##.#####.
.............h........#.##.#
################......#.##.#
#h###..#.##.# #@# ##.#.##.#
#.####...##.# #...........#
#######...#....♣ #####.##..


You could see a jackal.

Vanquished Creatures
  A goblin (D:1)
  A jackal (D:1)
  A ball python (D:1)
3 creatures vanquished.

Notes
Turn   | Place    | Note
-------+----------+-------------------------------------------
     0 | D:1      | Hansen the Human Wanderer began the quest for the Orb.
     0 | D:1      | Hansen set off with the following items: a +0 dagger, a +0
                  | robe, a piece from Xom's chessboard (15/15); and the
                  | following spells available to memorise: Summon Small
                  | Mammal, Call Imp, Sting, Call Canine Familiar, Summon
                  | Guardian Golem, Spider Form, Summon Lightning Spire
     0 | D:1      | Reached XP level 1. HP: 13/13 MP: 2/2
   317 | D:1      | Slain by a jackal

Illustrated notes

Levels and vault maps discovered:
D:1:      dpeg_arrival_castle, layout_basic,
          hellmonk_ecumenical_altar_arch_garden

Action                   || total
-------------------------++-------
Melee: Short sword       ||    15
       Dagger            ||    11
Armor: Robe              ||     5
Dodge: Dodged            ||    22

Table legend: (Time is in decaauts)
 A = Elapsed time spent in this place.
 B = Non-inter-level travel time spent in this place.
 C = Inter-level travel time spent in this place.
 D = Time resting spent in this place.
 E = Time spent auto-exploring this place.
 F = Levels seen in this place.
 G = Mean time per level.
                   A        B        C        D        E       F      G
               +--------+--------+--------+--------+--------+-----+--------+
         Total |    319 |    319 |      0 |      0 |    212 |   1 |  319.0 |
       Dungeon |    319 |    319 |      0 |      0 |    212 |   1 |  319.0 |
               +--------+--------+--------+--------+--------+-----+--------+

Top non-repeatable levels by time:
     D:1: 319 daAuts
